Map: Clair de lune fanatique EC (Void)

Players

Exehn - Winner!

  • Race: Protoss Protoss
  • League: Diamond

BiiiiiiiiiiG

  • Race: Terran Terran
  • League: Grandmaster

VOD

Have the link to the VOD?

Description

Time

  • Played on: Sept. 20, 2015, 3:41 p.m.
  • Length: 7:13
Show
View Real Time Build Order
Export as new Build Order

Exehn Protoss - Winner!

Build Orders: 1 Gate Expand, Mass Adepts 

Get SALT Encoding   

  12  0:00  Probe (Chrono Boost)  
  13  0:10  Probe (Chrono Boost)  
  14  0:18  Pylon  
  14  0:20  Probe (Chrono Boost)  
  15  0:35  Probe (Chrono Boost)  
  15  0:37  Gateway  
  16  0:43  Assimilator  
  16  0:46  Probe (Chrono Boost)  
  17  0:55  Probe (Chrono Boost)  
  18  1:06  Probe (Chrono Boost)  
  19  1:20  Nexus  
  19  1:29  Cybernetics Core  
  19  1:32  Probe (Chrono Boost)  
  20  1:37  Assimilator  
  20  1:42  Probe (Chrono Boost)  
  21  1:47  Pylon  
  21  1:52  Probe (Chrono Boost)  
  22  2:02  Probe (Chrono Boost)  
  22  2:05  Adept (Chrono Boost)  
  22  2:07  Warp Gate  
  25  2:12  Probe (Chrono Boost)  
  26  2:23  Mothership Core (Chrono Boost)  
  28  2:34  Probe (Chrono Boost)  
  28  2:36  Robotics Facility  
  29  2:40  Adept  
  29  2:42  Probe (Chrono Boost)  
  29  2:43  Probe (Chrono Boost)  
  33  2:52  Probe (Chrono Boost), Pylon  
  33  2:54  Probe (Chrono Boost)  
  35  3:09  Probe (Chrono Boost)  
  35  3:10  Probe (Chrono Boost)  
  35  3:11  Adept  
  39  3:21  Probe (Chrono Boost), Warp Prism (Chrono Boost)  
  39  3:26  Gateway  
  42  3:33  Gateway  
  42  3:36  Gateway  
  42  3:44  Gateway  
  42  3:53  Gateway  
  42  3:54  Observer (Chrono Boost)  
  43  3:57  Probe  
  43  3:59  Probe (Chrono Boost)  
  45  4:04  Pylon  
  45  4:08  Probe (Chrono Boost), Pylon  
  46  4:10  Probe (Chrono Boost)  
  47  4:19  Probe (Chrono Boost)  
  47  4:21  Probe  
  49  4:25  Pylon  
  49  4:30  Probe  
  50  4:33  Probe  
  51  4:39  Adept x5  
  61  4:48  Immortal  
  65  4:56  Adept  
  65  4:57  Adept x2  
  67  5:08  Adept x3  
  63  5:19  Probe x2  
  63  5:20  Assimilator  
  59  5:24  Assimilator  
  59  5:26  Immortal (Chrono Boost)  
  63  5:36  Sentry  
  63  5:37  Sentry x3  
  71  5:43  Probe x2 (Chrono Boost), Pylon  
  71  5:45  Pylon  
  71  5:47  Pylon  
  73  5:53  Probe (Chrono Boost)  
  74  6:09  Adept x2  
  74  6:10  Adept x4, Pylon  
  86  6:11  Pylon  
  86  6:31  Adept x6  
  98  6:48  Pylon  
  98  6:53  Adept x2  
  98  6:54  Adept x4  
Show
View Real Time Build Order
Export as new Build Order

BiiiiiiiiiiG Terran 

Build Orders:  

Get SALT Encoding   

  12  0:00  SCV  
  13  0:13  SCV  
  14  0:18  Supply Depot  
  14  0:25  SCV  
  15  0:39  SCV  
  15  0:41  Barracks  
  16  0:45  Refinery  
  16  0:51  SCV  
  17  1:03  SCV  
  18  1:15  SCV  
  19  1:29  Orbital Command  
  20  1:33  Barracks Reactor  
  19  1:44  Command Center  
  19  1:53  Barracks  
  19  2:00  Supply Depot  
  19  2:03  SCV  
  20  2:09  Marine x2  
  22  2:16  SCV  
  22  2:20  Barracks  
  23  2:27  Marine x2  
  23  2:29  SCV  
  26  2:41  SCV  
  26  2:42  Barracks Tech Lab  
  27  2:45  Marine x2  
  29  2:53  SCV  
  30  2:59  Supply Depot  
  30  3:00  SCV  
  30  3:03  Marine x2  
  30  3:05  SCV  
  33  3:06  Marauder  
  33  3:08  Barracks Tech Lab  
  35  3:13  Orbital Command  
  35  3:22  Marine x2  
  35  3:23  SCV  
  35  3:26  Combat Shields  
  38  3:35  SCV  
  38  3:40  SCV  
  38  3:41  Supply Depot  
  40  3:42  Marauder  
  40  3:44  Marauder  
  40  3:45  Marine  
  45  3:50  SCV  
  45  3:51  Marine  
  45  3:53  SCV  
  48  4:02  SCV  
  49  4:04  Marauder  
  49  4:05  SCV, Marauder, Marine  
  49  4:09  Supply Depot  
  55  4:10  Marine  
  55  4:14  SCV  
  58  4:17  SCV  
  58  4:22  Concussive Shells  
  58  4:25  Marauder  
  58  4:26  SCV  
  58  4:28  Marine  
  58  4:31  SCV, Marauder  
  65  4:34  Supply Depot  
  65  4:36  Marine  
  65  4:38  SCV  
  67  4:43  SCV  
  68  4:52  Marine x3  
  66  5:01  Marine  
  66  5:04  SCV x2  
  56  5:10  Marauder, Marine  
  56  5:11  Marauder  
  53  5:16  SCV  
  53  5:19  Marine  
  54  5:23  SCV  
  54  5:27  Marine  
  56  5:28  SCV  
  56  5:31  Marine x2  
  57  5:36  Marine  
  57  5:41  SCV x2  
  60  5:45  Marine  
  60  5:47  Engineering Bay  
  60  5:49  Marine  
  64  5:50  Marauder  
  64  5:54  SCV x2, Marine  
  67  6:03  Marine  
  66  6:06  SCV  
  66  6:07  SCV, Marine  
  66  6:10  Marine  
  70  6:12  Marine  
  71  6:21  Marine  
  72  6:25  Marauder  
  72  6:28  Marine  
  72  6:30  Marine  
  72  6:34  Bunker  
  69  6:48  Orbital Command  
Tags
 
Add a new tag
Caveats
  • Supply blocks, unpowered buildings, or Contaminate may cause inaccurate times.
  • Supply counts are checked every 10 seconds.